 Dungeon Crawl Stone Soup version 0.23-b1-6-ga921848b48 (webtiles) character file.

Game seed: 10313944609970559196

34518 Peloso the Fencer (level 13, -46/117 HPs)
             Began as a Minotaur Fighter on Feb 1, 2019.
             Was a High Priest of Okawaru.
             Killed from afar by a fire dragon (81 damage)
             ... with a blast of flame
             ... on level 4 of the Lair of Beasts.
             The game lasted 00:40:05 (17074 turns).

Peloso the Fencer (Minotaur Fighter)               Turns: 17074, Time: 00:40:06

Health: -46/117    AC: 34    Str: 28    XL:     13   Next: 42%
Magic:  13/13      EV:  7    Int:  9    God:    Okawaru [*****.]
Gold:   1704       SH: 17    Dex: 12    Spells: 12/12 levels left

rFire    x . .     SeeInvis .   a - +0 long sword
rCold    + . .     Gourm    .   c - +0 shield
rNeg     . . .     Faith    .   h - +0 crystal plate armour
rPois    +         Spirit   .   Y - +2 hat
rElec    .         Reflect  +   C - +2 cloak
rCorr    .         Harm     .   (no gloves)
MR       .....                  I - +0 pair of boots
Stlth    ..........             y - +3 amulet of reflection
HPRegen  0.29/turn              N - +5 ring of protection
MPRegen  0.13/turn              M - ring of Feupiwan {Ice rPois Str+4 Int+4}

@: no status effects
A: retaliatory headbutt, horns 2
a: Heroism, Finesse, Renounce Religion


You were on level 4 of the Lair of Beasts.
You worshipped Okawaru.
Okawaru was extremely pleased with you.
You were not hungry.

You visited 3 branches of the dungeon, and saw 17 of its levels.
You also visited: Bailey.

You collected 1928 gold pieces.
You spent 224 gold pieces at shops.

Inventory:

Hand Weapons
 a - a +0 long sword (weapon)
Armour
 b - a +0 scale mail
 c - a +0 shield (worn)
 h - a +0 crystal plate armour (worn)
 C - a +2 cloak (worn)
 I - a +0 pair of boots (worn)
 Y - a +2 hat (worn)
Jewellery
 u - an uncursed ring of resist corrosion
 y - a +3 amulet of reflection (around neck)
 G - an uncursed ring of protection from magic
 M - the ring of Feupiwan (right hand) {Ice rPois Str+4 Int+4}
   (You found it on level 8 of the Dungeon)

   [ring of ice]

   It enhances your ice magic.
   It affects your strength (+4).
   It affects your intelligence (+4).
   It makes you vulnerable to fire.
   It protects you from cold.
   It protects you from poison.
 N - a +5 ring of protection (left hand)
 Z - an uncursed ring of protection from magic
Wands
 o - a wand of paralysis (9)
Scrolls
 e - a scroll of noise
 k - 3 scrolls of fear {unknown}
 m - 8 scrolls of remove curse
 s - 10 scrolls of teleportation
 t - 2 scrolls of magic mapping
 v - 3 scrolls of amnesia {unknown}
 w - a scroll of enchant armour {unknown}
 A - 4 scrolls of blinking {unknown}
 E - 2 scrolls of fog {unknown}
 H - 2 scrolls of enchant weapon {unknown}
 J - 2 scrolls of holy word {unknown}
 O - a scroll of torment {unknown}
 T - a scroll of acquirement {unknown}
Potions
 d - 5 potions of might
 g - a potion of haste
 j - a potion of magic
 l - a potion of agility
 n - a potion of resistance
 q - 3 potions of mutation
 r - 3 potions of brilliance
 x - 6 potions of curing
 z - a potion of berserk rage
 D - 4 potions of heal wounds
 F - 5 potions of cancellation
 K - 2 potions of flight
Miscellaneous
 Q - a phial of floods
Comestibles
 f - 14 rations


   Skills:
 + Level 11.8 Fighting
 + Level 15.0 Long Blades
 + Level 12.6 Armour
 + Level 3.1 Dodging
 + Level 1.4 Stealth
 + Level 14.8 Shields
 + Level 1.6 Invocations
 + Level 0.7 Evocations


You had 12 spell levels left.
You didn't know any spells.
Your spell library contained the following spells:

 Spells                   Type           Power        Failure   Level  Hunger
 Corona                   Hex            #......      100%        1    ##.....
 Magic Dart               Conj           #...         100%        1    ##.....
 Sandblast                Erth           #.....       100%        1    ##.....
 Summon Small Mammal      Summ           #...         100%        1    ##.....
 Blink                    Tloc           N/A          100%        2    ###....
 Call Imp                 Summ           #.......     100%        2    ###....
 Ensorcelled Hibernation  Hex/Ice        #.....       100%        2    ###....
 Passwall                 Tmut/Erth      #.......     100%        2    ###....
 Slow                     Hex            #.......     100%        2    ###....
 Call Canine Familiar     Summ           #.......     100%        3    ####...
 Confuse                  Hex            #.......     100%        3    ####...
 Conjure Flame            Conj/Fire      #.......     100%        3    ####...
 Dazzling Spray           Conj/Hex       #.....       100%        3    ####...
 Mephitic Cloud           Conj/Pois/Air  #.......     100%        3    ####...
 Stone Arrow              Conj/Erth      #.....       100%        3    ####...
 Summon Guardian Golem    Hex/Summ       #.......     100%        3    ####...
 Tukima's Dance           Hex            #.......     100%        3    ####...
 Petrify                  Tmut/Erth      #.......     100%        4    #####..
 Summon Ice Beast         Ice/Summ       #.......     100%        4    #####..
 Summon Lightning Spire   Summ/Air       #.......     100%        4    #####..
 Bolt of Magma            Conj/Fire/Erth #.........   100%        5    ######.
 Iskenderun's Battlesphe  Conj/Chrm      #.......     100%        5    ######.
 Lee's Rapid Deconstruct  Erth           #.........   100%        5    ######.
 Venom Bolt               Conj/Pois      #.........   100%        5    ######.
 Iron Shot                Conj/Erth      #.........   100%        6    #######
 Orb of Destruction       Conj           #.........   100%        7    #######
 Spellforged Servitor     Conj/Summ      #.........   100%        7    #######


Dungeon Overview and Level Annotations

Branches:
Dungeon (12/15)            Temple (1/1) D:7            Lair (4/6) D:8
  Swamp (0/4) Lair:2       Spider (0/4) Lair:2          Orc (0/2) D:10

Altars:
Cheibriados
Dithmenos
Elyvilon
Fedhas
Gozag
Hepliaklqana
Makhleb
Okawaru
Qazlal
Trog
Uskayaw
Wu Jian
Xom
The Shining One

Shops:
D:4 !

Annotations:
D:10 2 transporters, stillor's ghost, journeyman DsFi
Lair:1 3 runed translucent doors, stillor's ghost, journeyman DsFi


Innate Abilities, Weirdness & Mutations

You reflexively headbutt those who attack you in melee.
You have a pair of horns on your head.


Message History

Unknown command.
You hit the rime drake but do no damage.
The rime drake is lightly wounded.
You are engulfed in a cloud of scalding steam.
You block the steam dragon's attack.
The steam dragon claws you but does no damage.
You block the rime drake's attack.
You closely miss the rime drake.
The rime drake is lightly wounded.
You are engulfed in a cloud of scalding steam.
You block the rime drake's attack. You block the steam dragon's attack. x2
You hit the rime drake but do no damage.
You headbutt the rime drake!
The rime drake is heavily wounded.
You are engulfed in a cloud of scalding steam.
* * * LOW HITPOINT WARNING * * *
The fire dragon breathes flames at you. The fire burns you terribly!
The blast of flame hits you!!!!
Ouch! That really hurt!
You die...

####..#
##≈........
##P#..#
##.......#.
......#
##..........
......#
##...........
###...#
#...≈........ #
##..#
#####§...........
# #..#
#..#$...8........
# ####
#DkD....$.......
####..#
##@..[..........
#.#...#
####..........
......#
≈..§......
......#
#.§.......
......#
##≈)......
##P...# ##.......
##....########
.......
###.#........#
.......
##.#.....###


You could see a fire dragon, a rime drake and a steam dragon.

Vanquished Creatures
  Gastronok (D:8)
  Harold (Lair:1)
  2 hydras (Lair:2)
  4 two-headed ogres
  Urug (Lair:3)
  3 death yaks
  Nergalle (D:11)
  2 orc knights (Bailey)
  2 ugly things (D:11)
  A manticore (D:12)
  3 black mambas
  5 spiny frogs
  4 komodo dragons
  6 rime drakes (Lair:4)
  4 trolls
  2 jumping spiders (Lair:2)
  A polar bear (Lair:3)
  A hornet (D:8)
  4 slime creatures (D:11)
  5 hippogriffs
  A bog body (Lair:2)
  A spriggan (D:7)
  A wyvern (Lair:3)
  2 redbacks (Lair:2)
  A shadow (D:11)
  3 basilisks
  6 steam dragons (Lair:4)
  16 yaks
  A hungry ghost (D:11)
  2 wargs (D:9)
  3 swamp worms (Lair:2)
  Edmund (D:5)
  5 water moccasins
  A soldier ant (D:12)
  6 porcupines
  9 orc warriors
  14 ice beasts
  A phantom (D:10)
  3 sky beasts
  2 necrophages (D:11)
  A black bear (D:7)
  7 ogres
  3 centaurs
  7 crocodiles
  2 big kobolds (D:11)
  13 bullfrogs
  2 gnoll sergeants (D:11)
  4 scorpions
  4 wights (D:12)
  8 electric eels
  A howler monkey (D:11)
  5 crimson imps
  2 bullfrog zombies
  2 centaur zombies
  A gnoll shaman (D:6)
  5 hounds
  2 jellies
  Crazy Yiuf (D:7)
  4 centaur skeletons
  9 orc priests
  2 bullfrog skeletons
  2 iguanas
  Natasha (thrice) (D:4)
  12 orc wizards
  10 worker ants
  2 hell rats
  A killer bee zombie (D:5)
  A hound skeleton (D:4)
  A howler monkey zombie (D:7)
  A worker ant zombie (D:5)
  13 gnolls
  15 adders
  3 river rats (D:8)
  3 shadow imps (D:5)
  3 oozes (D:3)
  4 worms
  4 dart slugs
  5 leopard geckos
  47 orcs
  5 giant cockroaches
  11 goblins
  3 hobgoblins
  16 jackals
  20 kobolds
  10 quokkas
  A ball python (D:1)
  9 bats
  4 frilled lizards
  A jackal zombie (D:5)
  3 leopard gecko skeletons (D:4)
  6 rats
436 creatures vanquished.

Vanquished Creatures (collateral kills)
  An ice beast (D:10)
  An orc (Bailey)
2 creatures vanquished.

Vanquished Creatures (others)
  A rime drake (Lair:4)
  A steam dragon (Lair:4)
  2 orc warriors (Bailey)
  A centaur (D:6)
  An orc wizard (D:5)
  2 orcs
  A fungus (Lair:1)
9 creatures vanquished.

Grand Total: 447 creatures vanquished

Notes
Turn   | Place    | Note
-------+----------+-------------------------------------------
     0 | D:1      | Peloso the Minotaur Fighter began the quest for the Orb.
     0 | D:1      | Reached XP level 1. HP: 19/19 MP: 0/0
   180 | D:1      | Reached XP level 2. HP: 15/27 MP: 1/1
   675 | D:2      | Reached XP level 3. HP: 33/33 MP: 2/2
   710 | D:2      | Reached skill level 3 in Long Blades
  1164 | D:3      | Reached XP level 4. HP: 36/40 MP: 3/3
  1267 | D:3      | Reached skill level 4 in Long Blades
  1272 | D:3      | Reached XP level 5. HP: 30/47 MP: 4/4
  1591 | D:3      | Reached skill level 1 in Dodging
  2065 | D:4      | Found a white marble altar of Elyvilon.
  2082 | D:4      | Reached skill level 5 in Long Blades
  2124 | D:4      | Found a bloodstained altar of Trog.
  2190 | D:4      | Noticed Natasha
  2195 | D:4      | Killed Natasha
  2195 | D:4      | Reached XP level 6. HP: 53/53 MP: 5/5
  2309 | D:4      | Reached skill level 5 in Armour
  2316 | D:4      | Reached skill level 5 in Shields
  2379 | D:4      | Found Worph's Distillery.
  2409 | D:4      | Reached skill level 6 in Long Blades
  2436 | D:4      | Bought a potion of heal wounds for 70 gold pieces
  2436 | D:4      | Bought a potion of berserk rage for 70 gold pieces
  2436 | D:4      | Bought 2 potions of curing for 84 gold pieces
  2680 | D:4      | Reached XP level 7. HP: 39/60 MP: 6/6
  2890 | D:5      | Entered Level 5 of the Dungeon
  2957 | D:5      | Reached skill level 5 in Fighting
  3011 | D:4      | Noticed Natasha
  3019 | D:4      | Killed Natasha
  3070 | D:4      | Noticed Natasha
  3074 | D:4      | Killed Natasha
  3474 | D:5      | Noticed Edmund
  3510 | D:5      | Killed Edmund
  3510 | D:5      | Reached skill level 7 in Long Blades
  3791 | D:5      | Reached XP level 8. HP: 30/68 MP: 7/7
  4395 | D:6      | Reached skill level 8 in Long Blades
  4683 | D:6      | Got a twisted ring mail
  4862 | D:6      | Noticed a troll
  4870 | D:6      | Killed a troll
  4870 | D:6      | Reached XP level 9. HP: 52/78 MP: 8/8
  5047 | D:6      | Reached skill level 9 in Long Blades
  5286 | D:7      | Found a staircase to the Ecumenical Temple.
  5601 | D:7      | Identified the +1 ring mail "Caletryrch" {Int+7} (You found
                  | it on level 6 of the Dungeon)
  5632 | D:7      | Found a runed translucent door.
  5633 | D:7      | Noticed Crazy Yiuf
  5640 | D:7      | Killed Crazy Yiuf
  5774 | D:7      | Noticed a two-headed ogre
  5788 | D:7      | Killed a two-headed ogre
  5788 | D:7      | Reached skill level 10 in Long Blades
  6271 | Temple   | Entered the Ecumenical Temple
  6367 | Temple   | Became a worshipper of Warmaster Okawaru
  6454 | D:8      | Noticed a death yak
  6460 | D:8      | Noticed a two-headed ogre
  6467 | D:8      | Killed a two-headed ogre
  6467 | D:8      | Reached XP level 10. HP: 44/88 MP: 9/9
  6474 | D:8      | Killed a death yak
  6474 | D:8      | Reached * piety under Okawaru
  6476 | D:8      | Noticed a death yak
  6716 | D:8      | Noticed a death yak
  6744 | D:7      | Killed a death yak
  6744 | D:7      | Reached skill level 11 in Long Blades
  6744 | D:7      | Reached skill level 10 in Shields
  6833 | D:7      | Killed a death yak
  6833 | D:7      | Reached ** piety under Okawaru
  6914 | D:8      | Noticed Gastronok
  7096 | D:8      | Killed Gastronok
  7096 | D:8      | Reached *** piety under Okawaru
  7096 | D:8      | Reached skill level 12 in Long Blades
  7096 | D:8      | Reached skill level 10 in Armour
  7096 | D:8      | Reached XP level 11. HP: 95/95 MP: 7/10
  7107 | D:8      | Found a staircase to the Lair.
  7414 | D:8      | Got a glittering granite ring
  7419 | D:8      | Identified the ring of Feupiwan {Ice rPois Str+4 Int+4}
                  | (You found it on level 8 of the Dungeon)
  8051 | D:9      | Reached **** piety under Okawaru
  8589 | D:10     | Entered Level 10 of the Dungeon
  8590 | D:10     | Found a transporter.
  8590 | D:10     | Noticed stillor's ghost (journeyman DsFi)
  8610 | D:10     | Noticed a death knight
  8620 | D:10     | Found a transporter.
  8883 | D:10     | Noticed a two-headed ogre
  8897 | D:10     | Killed a two-headed ogre
  8911 | D:10     | Found a staircase to the Orcish Mines.
  9126 | D:10     | Reached skill level 13 in Long Blades
  9979 | D:11     | Noticed a brown ugly thing
  9998 | D:11     | Killed a brown ugly thing
 10089 | D:11     | Noticed a two-headed ogre
 10102 | D:11     | Killed a two-headed ogre
 10102 | D:11     | Received a gift from Okawaru
 10262 | D:11     | Found a hide-covered altar of Uskayaw.
 10570 | D:11     | Noticed Nergalle
 10600 | D:11     | Killed Nergalle
 10600 | D:11     | Reached ***** piety under Okawaru
 10616 | D:11     | Noticed a purple ugly thing
 10629 | D:11     | Killed a purple ugly thing
 10949 | D:11     | Reached skill level 1 in Stealth
 10949 | D:11     | Reached XP level 12. HP: 101/106 MP: 11/11
 11103 | D:11     | Reached skill level 10 in Fighting
 11363 | D:12     | Reached skill level 14 in Long Blades
 11441 | D:12     | Found a flagged portal.
 11456 | Bailey   | Entered a bailey
 12064 | Bailey   | Got an ichor-stained broad axe
 12065 | Bailey   | Identified the cursed +1 broad axe "Xac Vowu" {chop,
                  | Fragile +Inv rPois} (You found it in a bailey)
 12082 | Bailey   | Got a scorched ring mail
 12093 | Bailey   | Identified the cursed +1 ring mail of Paodolomn {Dex+6}
                  | (You found it in a bailey)
 12423 | D:12     | Reached skill level 1 in Invocations
 12515 | D:12     | Noticed an eight-headed hydra
 13060 | Lair:1   | Entered Level 1 of the Lair of Beasts
 13335 | Lair:1   | Noticed Harold
 13351 | Lair:1   | Killed Harold
 13476 | Lair:1   | Noticed stillor's ghost (journeyman DsFi)
 13493 | Lair:1   | Found a runed translucent gate.
 13493 | Lair:1   | Found a runed translucent gate.
 13505 | Lair:1   | Found a runed translucent gate.
 13919 | Lair:2   | Received a gift from Okawaru
 14145 | Lair:2   | Noticed a six-headed hydra
 14156 | Lair:2   | Killed a nine-headed hydra
 14190 | Lair:2   | Found a hole to the Spider Nest.
 14323 | Lair:2   | Reached XP level 13. HP: 97/116 MP: 12/12
 14610 | Lair:2   | Found a staircase to the Swamp.
 14701 | Lair:2   | You fall through a shaft for 2 floors!
 15242 | Lair:3   | Noticed Urug
 15260 | Lair:3   | Killed Urug
 16720 | Lair:4   | Reached skill level 15 in Long Blades
 17060 | Lair:4   | Received a gift from Okawaru
 17071 | Lair:4   | Noticed a fire dragon
 17074 | Lair:4   | Killed from afar by a fire dragon

Skill      XL: |  1  2  3  4  5  6  7  8  9 10 11 12 13 |
---------------+----------------------------------------+-----
Armour         | 4 5 6 7 8 10 11 12 | 12.6
Fighting       | 4 5 6 7 8 9 11 | 11.8
Long Blades    | 3 4 5 6 7 8 10 12 13 14 15 | 15.0
Shields        | 4 5 6 8 9 10 12 13 14 | 14.8
Dodging        | 1 2 3 |  3.1
Stealth        | 1 |  1.4
Invocations    | 1 |  1.6
Evocations     | |  0.7

Action                   |  1- 3 |  4- 6 |  7- 9 | 10-12 | 13-15 || total
-------------------------+-------+-------+-------+-------+-------++-------
Melee: Long sword        |   104 |   175 |   416 |   876 |   236 ||  1807
       Headbutt          |    14 |    31 |    94 |   258 |    76 ||   473
Invok: Heroism           |       |       |       |    10 |     2 ||    12
       Finesse           |       |       |       |       |     1 ||     1
Evoke: Wand              |       |       |       |    12 |       ||    12
  Use: Scroll            |       |       |     3 |    13 |       ||    16
       Potion            |       |       |     1 |     5 |       ||     6
  Eat: Chunk             |       |     6 |    10 |    15 |     9 ||    40
       Ration            |       |       |     1 |     3 |       ||     4
Armor: Scale mail        |    20 |       |       |       |       ||    20
       Chain mail        |    36 |    76 |    68 |       |       ||   180
       Plate armour      |       |       |   103 |   165 |       ||   268
       Crystal plate arm |       |       |       |   127 |   140 ||   267
Dodge: Dodged            |    41 |    41 |    66 |   150 |    38 ||   336
Block: Shield            |    55 |    90 |   271 |   599 |   195 ||  1210
       Reflection        |       |       |     4 |    32 |     5 ||    41
       Rpst.: Long sword |     9 |     9 |    21 |    38 |     9 ||    86
